 Dungeon Crawl Stone Soup version 0.26-a0-651-gb41185065b (webtiles) character file.

Game seed: 14214994252458047849

95 loralnil the Insei (level 4, -2/23 HPs)
             Began as a Vine Stalker Transmuter on Oct 6, 2020.
             Slain by Crazy Yiuf
             ... wielding a +3 quarterstaff of chaos
              (12 damage)
             ... on level 2 of the Dungeon.
             The game lasted 00:03:36 (2268 turns).

loralnil the Insei (Vine Stalker Transmuter)        Turns: 2268, Time: 00:03:37

Health: -2/23      AC:  2    Str: 14    XL:     4   Next: 65%
Magic:  0/9        EV: 12    Int: 13    God:
Gold:   154        SH:  0    Dex: 14    Spells: 2/8 levels left

rFire    . . .     SeeInvis .     - Unarmed
rCold    . . .     Faith    .   (no shield)
rNeg     . . .     Spirit   +   a - +0 robe
rPois    .         Reflect  .   (helmet currently unavailable)
rElec    .         Harm     .   e - scarf {+Inv}
rCorr    .         Rampage  .   (no gloves)
MR       .....                  (boots currently unavailable)
Stlth    +.........             (no amulet)
HPRegen  0.47/turn              (no ring)
MPRegen  0.11/turn              (no ring)

@: appendages (expiring)
A: fangs 2, horns 2, talons 2, regeneration 1, magic shield, antimagic bite, no
potion heal 3, rot immunity
a: End Transformation, Evoke Invisibility


You were on level 2 of the Dungeon.
You had grown temporary horns.
You had grown temporary talons.
You visited 1 branch of the dungeon, and saw 2 of its levels.

You collected 154 gold pieces.

Inventory:

Armour
 a - a +0 robe (worn)
 e - a scarf of invisibility (worn)
Scrolls
 b - a scroll of enchant armour {unknown}
 f - a scroll of noise {unknown}
 g - a scroll of fear {unknown}
 h - a scroll of blinking {unknown}
Potions
 c - a potion of mutation {unknown}
 d - a potion of flight
 i - a potion of magic {unknown}
 j - 2 potions of lignification
 k - a potion of brilliance {unknown}


   Skills:
 + Level 1.8 Fighting
 + Level 2.2 Dodging
 + Level 3.5 Unarmed Combat
 + Level 2.8 Spellcasting
 + Level 2.7 Transmutations


You had 2 spell levels left.
You knew the following spells:

 Your Spells              Type           Power        Failure   Level
a - Beastly Appendage     Tmut           #.....       8%          1
b - Wereblood             Tmut           #.......     12%         2
c - Spider Form           Tmut/Pois      #.........   38%         3

Your spell library contained the following spells:

 Spells                   Type           Power        Failure   Level
 Ice Form                 Ice/Tmut       #.......     80%         4
 Blade Hands              Tmut           #.........   91%         5


Dungeon Overview and Level Annotations

Branches:
Dungeon (2/15)

Altars:
Makhleb

Annotations:
D:2 Crazy Yiuf


Innate Abilities, Weirdness & Mutations

You have extremely sharp teeth.
Your natural rate of healing is unusually fast.
When hurt, damage is shared between your health and your magic reserves.
Your bite disrupts and absorbs the magic of your enemies.
Potions cannot restore your health.
You are immune to rotting.
You have a pair of horns on your head.
You have razor-sharp toenails.


Message History

You hit Crazy Yiuf but do no damage. You bite Crazy Yiuf, but do no damage.
Crazy Yiuf is moderately wounded.
Crazy Yiuf closely misses you.
You punch Crazy Yiuf! Your kick misses Crazy Yiuf.
Crazy Yiuf is severely wounded.
Crazy Yiuf hits you with a +3 quarterstaff of chaos!
You barely miss Crazy Yiuf. Your kick misses Crazy Yiuf.
Crazy Yiuf is severely wounded.
Crazy Yiuf closely misses you.
You hit Crazy Yiuf. You claw Crazy Yiuf, but do no damage.
Your bite misses Crazy Yiuf.
Crazy Yiuf is severely wounded.
Your transformation is almost over.
Crazy Yiuf hits you with a +3 quarterstaff of chaos!
Crazy Yiuf freezes you.
You closely miss Crazy Yiuf.
Crazy Yiuf is severely wounded.
Crazy Yiuf hits you with a +3 quarterstaff of chaos!
Ouch! That really hurt!
You die...

########
##.##......
#.##....(#
#.##.....#
####.....#
###.....#
#........ ###
####.....[.#
#)..###
##.)...######
#...g@####PP.)..#
#...##..#..P....#
### ###.#....###
########


You could see Crazy Yiuf.

Vanquished Creatures
  Jessica (D:2)
  2 adders (D:2)
  An ooze (D:1)
  A worm (D:2)
  A dart slug (D:1)
  A leopard gecko (D:1)
  7 bats
  A giant cockroach (D:1)
  7 goblins
  6 hobgoblins
  5 kobolds
  A frilled lizard (D:2)
  4 rats
38 creatures vanquished.

Notes
Turn   | Place    | Note
-------+----------+-------------------------------------------
     0 | D:1      | loralnil the Vine Stalker Transmuter began the quest for
                  | the Orb.
     0 | D:1      | Reached XP level 1. HP: 9/9 MP: 4/4
    10 | D:1      | Noticed a centaur
    31 | D:1      | Reached skill level 1 in Fighting
   354 | D:1      | Reached XP level 2. HP: 14/14 MP: 4/6
   721 | D:1      | Reached XP level 3. HP: 18/18 MP: 5/7
  1066 | D:1      | Learned a level 2 spell: Wereblood
  1070 | D:1      | Learned a level 3 spell: Spider Form
  1899 | D:2      | Gained mutation: Your natural rate of healing is unusually
                  | fast. [Vine Stalker growth]
  1899 | D:2      | Reached XP level 4. HP: 17/22 MP: 3/9
  2009 | D:2      | Found a runed translucent door.
  2010 | D:2      | Noticed Crazy Yiuf
  2047 | D:2      | Noticed Jessica
  2065 | D:2      | Killed Jessica
  2172 | D:2      | Found a burning altar of Makhleb.
  2268 | D:2      | Slain by Crazy Yiuf

Illustrated notes

Levels and vault maps discovered:
D:1:      evilmike_arrival_come_back, layout_loops_corners,
          nrook_mini_backslash, minmay_misc_feat_rugged,
          hangedman_decor_clover_reticule, chequers_avenue
D:2:      layout_basic, marbit_many_paths, uniq_crazy_yiuf_cottage, uniq_jessica

Skill      XL: |  1  2  3 |
---------------+----------+-----
Fighting       | 1 |  1.8
Dodging        | 2 |  2.2
Unarmed Combat | |  3.5
Spellcasting   | |  2.8
Transmutations | |  2.7

Action                   |  1- 3 |  4- 6 || total
-------------------------+-------+-------++-------
Melee: Unarmed           |    77 |    24 ||   101
       Kick              |    11 |     6 ||    17
       Headbutt          |     9 |       ||     9
       Bite              |    11 |     3 ||    14
 Cast: Beastly Appendage |    28 |     7 ||    35
  Use: Scroll            |     2 |       ||     2
       Potion            |     1 |       ||     1
Armor: Robe              |    12 |     5 ||    17
       Skin              |     6 |     1 ||     7
Dodge: Dodged            |    44 |    11 ||    55

Table legend: (Time is in decaauts)
 A = Elapsed time spent in this place.
 B = Non-inter-level travel time spent in this place.
 C = Inter-level travel time spent in this place.
 D = Time resting spent in this place.
 E = Time spent auto-exploring this place.
 F = Levels seen in this place.
 G = Mean time per level.
                   A        B        C        D        E       F      G
               +--------+--------+--------+--------+--------+-----+--------+
         Total |   2274 |   2256 |     18 |    336 |   1596 |   2 | 1137.0 |
       Dungeon |   2274 |   2256 |     18 |    336 |   1596 |   2 | 1137.0 |
               +--------+--------+--------+--------+--------+-----+--------+

Top non-repeatable levels by time:
     D:1: 1491 daAuts
     D:2: 782 daAuts
